 Dungeon Crawl Stone Soup version 0.15.1-3-g1b33baa (webtiles) character file.

487 Johnny the Chiller (level 6, 0/50 HPs)
             Began as a Demigod Ice Elementalist on Oct 4, 2014.
             Killed from afar by an orc wizard (7 damage)
             ... with a magic dart
             ... on Level 4 of the Dungeon.
             The game lasted 00:09:20 (3109 turns).

Johnny the Chiller (Demigod Ice Elementalist)       Turns: 3109, Time: 00:09:20

HP   0/50        AC  4     Str 11      XL: 6   Next: 58%
MP   6/17        EV  9     Int 23      God:
Gold 239         SH  0     Dex 12 (17) Spells:  2 memorised,  6 levels left

rFire  + . .     SeeInvis .     a - +0 mace
rCold  . . .     Clarity  .     h - -1 ring mail (curse)
rNeg   + . .     rCorr    .     (no shield)
rPois  .         rRot     .     (no helmet)
rElec  .         Spirit   .     (no cloak)
SustAb .         Warding  .     (no gloves)
rMut   .         Stasis   .     (no boots)
Gourm  .                        (no amulet)
MR     .....                    i - ring of protection from fire
                                e - ring of positive energy

@: very slightly contaminated, not resistant to hostile enchantments, unstealthy
A: no striking features
a: no special abilities


You were on level 4 of the Dungeon.
You were hungry.

You visited 1 branch of the dungeon, and saw 4 of its levels.

You collected 239 gold pieces.

Inventory:

Hand weapons
 a - a +0 mace (weapon)
Armour
 h - a cursed -1 ring mail (worn)
Magical devices
 s - a wand of confusion (6) {unknown}
Comestibles
 c - 3 bread rations
 f - a meat ration
Scrolls
 g - 4 scrolls of identify {unknown}
 k - 5 scrolls of fear {unknown}
 l - a scroll of magic mapping {unknown}
 r - a scroll of remove curse {unknown}
 t - a scroll of enchant armour {unknown}
Jewellery
 e - a ring of positive energy (left hand)
 i - a ring of protection from fire (right hand)
 o - an uncursed ring of positive energy
Potions
 d - 2 potions of might {unknown}
 j - a potion of restore abilities {unknown}
 m - 3 potions of curing {unknown}
 n - 2 potions of haste {unknown}
 p - a potion of agility {unknown}
 q - a potion of poison {unknown}
Books
 b - a book of Frost

   Spells                             Type                      Level
   *Freeze                            Ice                          1
   Throw Frost                        Conjuration/Ice              2
   Ozocubu's Armour                   Charms/Ice                   3
   Throw Icicle                       Conjuration/Ice              4
   *Summon Ice Beast                  Ice/Summoning                4
   Condensation Shield                Ice                          4


   Skills:
 * Level 2.6 Fighting
 + Level 1.2 Armour
 + Level 2.7 Dodging
 + Level 3.1 Stealth
 * Level 3.1 Spellcasting
   Level 0.8 Conjurations
 * Level 1.5 Summonings
 * Level 4.0 Ice Magic


You had 6 spell levels left.
You knew the following spells:

 Your Spells              Type           Power        Failure   Level  Hunger
a - Freeze                Ice            ###.         4%          1    None
b - Summon Ice Beast      Ice/Summ       ###.....     63%         4    ####...


Dungeon Overview and Level Annotations

Branches:
Dungeon (4/15)
 Temple: D:4-7


Message History

Casting: Freeze
Confirm with . or Enter, or press ? or * to list all spells.
Aiming: Freeze
Press: ? - help, Shift-Dir - straight line, f/p - Eustachio
Aim: Eustachio, wielding a cutlass and wearing a leather armour (almost dead)
You freeze Eustachio.
You kill Eustachio!
Your Spellcasting skill increases to level 3!
Your Ice Magic skill increases to level 4!
The quasit disappears in a puff of smoke!
The shadow imp disappears in a puff of smoke!
The ufetubus disappears in a puff of smoke!
The orc wizard hits you but does no damage.
The orc barely misses you. Something hits you.
* * * LOW HITPOINT WARNING * * *
The worker ant bites you.
* * * LOW HITPOINT WARNING * * *
The orc wizard casts a spell at you. The magic dart hits you!
You die...

.# ...# .....######
...........####
...............### #.
.......§.........##.....
.......§oo...............
......§a§................
......§.@o...............
....##...................
# ###.................
##................
##...............
##..............
##.............
##............
####...)....#


You could see a worker ant, 2 orc wizards and an orc.

Vanquished Creatures
  Eustachio (D:4)
  The ghost of Chiseanne the Chiller, an average FoIE (D:3)
  4 orc wizards (D:3)
  Ijyb (D:3)
  Terence (D:2)
  4 adders
  3 worms
  An iguana zombie (D:3)
  2 oozes
  6 orcs (D:3)
  2 giant cockroaches (D:1)
  5 hobgoblins
  6 jackals (D:2)
  14 kobolds
  3 ball pythons
  10 bats
  3 giant geckos
  2 giant newts (D:3)
  9 goblins
  14 rats
92 creatures vanquished.

Notes
Turn   | Place    | Note
--------------------------------------------------------------
     0 | D:1      | Johnny, the Demigod Ice Elementalist, began the quest for the Orb.
     0 | D:1      | Reached XP level 1. HP: 14/14 MP: 3/3
   317 | D:1      | Reached XP level 2. HP: 10/22 MP: 4/4
   498 | D:1      | HP: 1/22 [kobold/short sword (4)]
  1065 | D:2      | Noticed Terence
  1072 | D:2      | Killed Terence
  1072 | D:2      | Reached skill level 1 in Fighting
  1072 | D:2      | Reached XP level 3. HP: 26/28 MP: 1/8
  1243 | D:2      | Reached skill level 3 in Ice Magic
  1607 | D:2      | Reached XP level 4. HP: 35/35 MP: 1/10
  1613 | D:2      | Learned a level 4 spell: Summon Ice Beast
  2102 | D:3      | Noticed Ijyb
  2115 | D:3      | Killed Ijyb
  2199 | D:3      | Noticed Chiseanne's ghost (average FoIE)
  2317 | D:3      | Killed Chiseanne's ghost
  2317 | D:3      | Reached skill level 1 in Armour
  2317 | D:3      | Reached XP level 5. HP: 4/41 MP: 2/12
  2639 | D:3      | Reached skill level 1 in Summonings
  2825 | D:3      | Reached XP level 6. HP: 21/49 MP: 6/15
  3094 | D:4      | Noticed Eustachio
  3108 | D:4      | Killed Eustachio
  3108 | D:4      | Reached skill level 4 in Ice Magic
  3109 | D:4      | Killed from afar by an orc wizard

Action                   |  1- 3 |  4- 6 || total
-------------------------+-------+-------++-------
Melee: Mace              |    88 |    56 ||   144
       Unarmed           |     5 |       ||     5
 Cast: Freeze            |    50 |    83 ||   133
 Stab: Sleeping          |     2 |       ||     2
  Eat: Chunk             |     2 |     5 ||     7
